 Dungeon Crawl Stone Soup version 0.28-a0-845-gfc338a8e3c (webtiles) character file.

Game seed: 16312732743880903517

95 case the Skirmisher (level 4, 0/29 HPs)
             Began as a Gargoyle Fighter on Nov 12, 2021.
             Slain by Crazy Yiuf (2 damage)
             ... on level 2 of the Dungeon.
             The game lasted 00:03:03 (2034 turns).

case the Skirmisher (Gargoyle Fighter)              Turns: 2034, Time: 00:03:05

Health: 0/29       AC: 16    Str: 20    XL:     4   Next: 65%
Magic:  4/4        EV:  5    Int:  9    God:
Gold:   123        SH:  4    Dex:  9    Spells: 3/3 levels left

rFire   . . .      SeeInvis .   a - +0 flail
rCold   . . .      Faith    .   c - +0 buckler
rNeg    + . .      Spirit   .   i - +0 plate armour
rPois   ∞          Reflect  .   k - +0 helmet
rElec   +          Harm     .   (no cloak)
rCorr   +          Rampage  .   (no gloves)
Will    .....                   (no boots)
Stlth   ..........              (no amulet)
HPRegen 0.09/turn               m - ring of resist corrosion
MPRegen 0.09/turn               (no ring)

@: no status effects
A: sickness immunity, AC +3, negative energy resistance 1, electricity
resistance, torment resistance 1, petrification resistance
a: no special abilities


You were on level 2 of the Dungeon.
You visited 1 branch of the dungeon, and saw 2 of its levels.

You collected 123 gold pieces.

Inventory:

Hand Weapons
 a - a +0 flail (weapon)
 j - a +1 dagger of venom
Armour
 b - a +0 scale mail
 c - a +0 buckler (worn)
 i - a +0 plate armour (worn)
 k - a +0 helmet (worn)
Jewellery
 m - a ring of resist corrosion (left hand)
Scrolls
 e - 3 scrolls of fear {unknown}
 f - a scroll of enchant armour {unknown}
 g - a scroll of blinking {unknown}
 l - a scroll of identify {unknown}
 n - a scroll of silence {unknown}
Potions
 d - a potion of might
 h - a potion of degeneration {unknown}


   Skills:
 + Level 4.2 Fighting
 * Level 4.0 Maces & Flails
 - Level 3.2 Armour
 - Level 3.2 Shields


You had 3 spell levels left.
You didn't know any spells.
Your spell library contained the following spells:

 Spells                   Type           Power      Damage    Failure   Level
 Foxfire                  Conj/Fire      0%         2x1d4     100%        1
 Conjure Flame            Conj/Fire      0%         6-21      100%        3
 Ignite Poison            Fire/Tmut/Pois 0%         N/A       100%        3
 Sticky Flame             Conj/Fire      0%         2d3       100%        4


Dungeon Overview and Level Annotations

Branches:
Dungeon (2/15)

Altars:

Shops:
D:1 (

Annotations:
D:2 Crazy Yiuf


Innate Abilities, Weirdness & Mutations

You are immune to sickness and miasma.
Your stone body is resilient. (AC +3)
You are immune to poison.
You resist negative energy. (rN+)
You are resistant to electric shocks. (rElec)
You are resistant to unholy torment.
You are immune to petrification.


Message History

You are too injured to fight recklessly!
You are too injured to fight recklessly!
You hit Robin.
You kill Robin!
The goblin hits you but does no damage.
Your Maces & Flails skill increases to level 4!
Items here: ( ))))))))) [[ ††††.
You sock the goblin!
You kill the goblin!
Items here: ))) ††.
Items here: ( ))))))))) [[ ††††.
Okay, then.
n - a scroll labelled XAYMIETHRIGH
There is a large open door here.
Found a mace.
Found a runed translucent door.
Crazy Yiuf shouts!
Crazy Yiuf says, "Defame ragdoll mumblescurry!"
You pick up an Everburning Encyclopedia and begin reading...
You add the spells Conjure Flame, Ignite Poison and Sticky Flame to your library.
Crazy Yiuf shouts!
Crazy Yiuf says, "Spliff!"
Sorry, you're not good enough to have a special ability.
You open the door.
Crazy Yiuf whimpers, "Papa Hive blue!"
You barely miss Crazy Yiuf. Crazy Yiuf barely misses you.
You hit Crazy Yiuf but do no damage.
Crazy Yiuf hits you with a +3 quarterstaff of chaos!
Crazy Yiuf burns you.
You hit Crazy Yiuf.
Crazy Yiuf is lightly wounded.
Crazy Yiuf hits you with a +3 quarterstaff of chaos.
Crazy Yiuf burns you.
* * * LOW HITPOINT WARNING * * *
You thump Crazy Yiuf!
Crazy Yiuf is severely wounded.
Crazy Yiuf hits you but does no damage.
Crazy Yiuf hits you with a +3 quarterstaff of chaos.
* * * LOW HITPOINT WARNING * * *
Crazy Yiuf freezes you.
You die...

#.........###.#..........
#..######## ###.###......
#..# #.# #.....) ####
##### ##.####.#..# #..)#
#........... #...#
#.......#### ...
##.......# # #g#
#.......# # ##@#
#.......# #.## ##.......#
##.# #........# #.##
#.######## ##.## #.#
#...## #.# #P...# #.#
#....# #.# #....####.#


You could see Crazy Yiuf.

Vanquished Creatures
  Robin (D:2)
  3 gnolls
  A worm (D:2)
  A dart slug (D:1)
  3 bats
  4 endoplasms
  4 giant cockroaches
  14 goblins
  4 hobgoblins (D:2)
  A kobold (D:1)
  2 quokkas (D:1)
  2 ball pythons (D:1)
  3 frilled lizards
  2 rats
45 creatures vanquished.

Notes
Turn   | Place    | Note
-------+----------+-------------------------------------------
     0 | D:1      | case the Gargoyle Fighter began the quest for the Orb.
     0 | D:1      | Reached XP level 1. HP: 14/14 MP: 1/1
   235 | D:1      | Reached XP level 2. HP: 14/19 MP: 2/2
   324 | D:1      | Found Sanil's Antique Weapon Emporium.
   686 | D:1      | Reached XP level 3. HP: 22/24 MP: 3/3
  1372 | D:2      | Reached XP level 4. HP: 24/29 MP: 4/4
  1613 | D:2      | Found a faded altar of an unknown god.
  1621 | D:2      | Got Plato's Tome of Confrontation
  1646 | D:2      | Noticed Robin
  1681 | D:2      | Killed Robin
  1934 | D:2      | Found a runed translucent door.
  1935 | D:2      | Noticed Crazy Yiuf
  2034 | D:2      | Slain by Crazy Yiuf

Illustrated notes

Levels and vault maps discovered:
D:1:      evilmike_arrival_crescent, layout_rooms, serial_shops, shop,
          minmay_box_of_dots
D:2:      layout_rooms, shapermc_ecumenical_altar_rom_forum,
          minmay_misc_feat_diagonals, grunt_decor_arrowhead, grunt_ministairs_6,
          uniq_robin, uniq_crazy_yiuf_cottage

Skill      XL: |  1  2  3  4 |
---------------+-------------+-----
Maces & Flails | 3 4 |  4.0
Fighting       | 4 |  4.2
Armour         | |  3.2
Shields        | |  3.2

Action                   |  1- 3 |  4- 6 || total
-------------------------+-------+-------++-------
Melee: Flail             |   106 |    54 ||   160
Armor: Scale mail        |    19 |       ||    19
       Plate armour      |    54 |    52 ||   106
Dodge: Dodged            |    40 |    22 ||    62
Block: Buckler           |    26 |     9 ||    35

Table legend: (Time is in decaauts)
 A = Elapsed time spent in this place.
 B = Non-inter-level travel time spent in this place.
 C = Inter-level travel time spent in this place.
 D = Time resting spent in this place.
 E = Time spent auto-exploring this place.
 F = Levels seen in this place.
 G = Mean time per level.
                   A        B        C        D        E       F      G
               +--------+--------+--------+--------+--------+-----+--------+
         Total |   2077 |   1997 |     80 |    148 |   1427 |   2 | 1038.5 |
       Dungeon |   2077 |   1997 |     80 |    148 |   1427 |   2 | 1038.5 |
               +--------+--------+--------+--------+--------+-----+--------+

Top non-repeatable levels by time:
     D:2: 1159 daAuts
     D:1: 917 daAuts
